 Dungeon Crawl Stone Soup version 0.22.0-49-gab54619 (webtiles) character file.

43 Folque the Firebug (level 3, -2/27 HPs)
             Began as a Demonspawn Fire Elementalist on Sept 5, 2018.
             Killed by divine providence
             ... invoked by an orc priest
              (10 damage)
             ... on level 2 of the Dungeon.
             The game lasted 00:05:43 (1230 turns).

Folque the Firebug (Demonspawn Fire Elementalist)   Turns: 1230, Time: 00:05:45

Health: -2/27      AC:  2    Str:  8    XL:     3   Next: 37%
Magic:  6/6        EV: 12    Int: 17    God:
Gold:   37         SH:  0    Dex: 13    Spells: 2/6 levels left

rFire    . . .     SeeInvis .   g - +0 dagger
rCold    . . .     Gourm    .   (no shield)
rNeg     . . .     Faith    .   a - +0 robe
rPois    .         Spirit   .   (no helmet)
rElec    .         Reflect  .   (no cloak)
rCorr    .         Harm     .   (no gloves)
MR       .....                  (no boots)
Stlth    +.........             (no amulet)
HPRegen  0.09/turn              (no ring)
MPRegen  0.10/turn              (no ring)

@: confused, very slightly contaminated
A: hooves 1
a: no special abilities


You were on level 2 of the Dungeon.
You were not hungry.

You visited 1 branch of the dungeon, and saw 2 of its levels.

You collected 37 gold pieces.

Inventory:

Hand Weapons
 g - a +0 dagger (weapon)
Armour
 a - a +0 robe (worn)
Scrolls
 d - a scroll of identify {unknown}
Potions
 e - a potion of curing {unknown}
 f - a potion of ambrosia
Comestibles
 b - 4 chunks of flesh
 c - 3 rations


   Skills:
 + Level 1.7 Fighting
 - Level 1.7 Dodging
 - Level 1.7 Stealth
 * Level 2.2 Spellcasting
 - Level 2.0 Conjurations
 - Level 3.0 Fire Magic


You had 2 spell levels left.
You knew the following spells:

 Your Spells              Type           Power        Failure   Level  Hunger
a - Flame Tongue          Conj/Fire      ##...        7%          1    #......
b - Conjure Flame         Conj/Fire      ##......     21%         3    ###....

Your spell library contained the following spells:

 Spells                   Type           Power        Failure   Level  Hunger
 Throw Flame              Conj/Fire      ##....       11%         2    ###....
 Inner Flame              Hex/Fire       #.......     30%         3    ###....
 Sticky Flame             Conj/Fire      ##......     56%         4    #####..
 Fireball                 Conj/Fire      ##........   88%         5    ######.


Dungeon Overview and Level Annotations

Branches:
Dungeon (2/15)

Altars:


Innate Abilities, Weirdness & Mutations

You have large cloven feet.


Message History

You hit the orc wizard but do no damage.
You kick the orc wizard, but do no damage.
The orc wizard is moderately wounded.
The orc wizard hits you with a dagger.
The orc wizard gestures at you while chanting.
The puff of flame hits you!
* * * LOW HITPOINT WARNING * * *
An orc priest comes into view. It is wielding a trident.
It was a potion of ambrosia.
You are confused.
You feel invigorated. The orc wizard hits you with a dagger.
* * * LOW HITPOINT WARNING * * *
You barely miss the orc wizard.
The orc wizard is moderately wounded.
The orc wizard hits you with a dagger.
* * * LOW HITPOINT WARNING * * *
The orc wizard barely misses you.
The orc priest mumbles some strange prayers to Beogh against you.
Beogh smites you!
You die...

#.# #.#.# #.#.#
........ #o#.##.#
#.#.##.# # . #o#.##.#
.# ..
######@#.##.##.##.
..............(...
....[.........#.##.##
..........)..........
.............<.......
........#............
...###..####.##.##.##
... #..# #.# .# # #..
#.# #


You could see an orc priest and an orc wizard.

Vanquished Creatures
  An ooze (D:1)
  A dart slug (D:1)
  An orc (D:2)
  A bat (D:1)
  A giant cockroach (D:1)
  9 goblins (D:1)
  2 hobgoblins (D:1)
  9 jackals (D:1)
  3 kobolds
  A ball python (D:1)
  A rat (D:1)
30 creatures vanquished.

Notes
Turn   | Place    | Note
-------+----------+-------------------------------------------
     0 | D:1      | Folque the Demonspawn Fire Elementalist began the quest for
                  | the Orb.
     0 | D:1      | Reached XP level 1. HP: 13/13 MP: 3/3
     6 | D:1      | Noticed a black bear
     6 | D:1      | Noticed a black mamba
     7 | D:1      | Noticed a swamp drake
   238 | D:1      | Gained mutation: You have large cloven feet. [demonic
                  | ancestry]
   238 | D:1      | Reached XP level 2. HP: 16/20 MP: 1/5
   257 | D:1      | Reached skill level 1 in Fighting
   672 | D:1      | Reached XP level 3. HP: 16/26 MP: 3/6
   677 | D:1      | Learned a level 3 spell: Conjure Flame
   750 | D:1      | Reached skill level 3 in Fire Magic
  1230 | D:2      | Killed from afar by an orc priest

Skill      XL: |  1  2  3 |
---------------+----------+-----
Fighting       | 1 |  1.7
Conjurations   | 2 |  2.0
Fire Magic     | 3 |  3.0
Dodging        | |  1.7
Stealth        | |  1.7
Spellcasting   | |  2.2

Action                   || total
-------------------------++-------
Melee: Unarmed           ||    21
       Dagger            ||    35
       Club              ||     5
       Kick              ||     9
 Cast: Flame Tongue      ||    46
       Conjure Flame     ||     1
  Use: Potion            ||     1
 Stab: Sleeping          ||     2
  Eat: Chunk             ||     2
Armor: Robe              ||     9
Dodge: Dodged            ||    46
